 Dungeon Sprint DCSS version 0.30-a0-949-g53dc5368d7 (webtiles) character file.

Game seed: 7769690122280565518

576 dialectric the Protected (level 7, -2/76 HPs)
             Began as a Gargoyle Fighter on Mar 27, 2023.
             Slain by a boulder beetle (15 damage)
             ... in the Dungeon (Sprint II: "The Violet Keep of Menkaure").
             The game lasted 00:00:43 (97 turns).

dialectric the Protected (Gargoyle Fighter)           Turns: 97, Time: 00:00:44

Health: -2/76      AC: 13    Str: 19    XL:     7   Next: 35%
Magic:  7/7        EV: 11    Int:  9    God:
Gold:   243        SH:  0    Dex: 11    Spells: 6/6 levels left

rFire   . . .      SeeInvis .    a - +0 flail
rCold   . . .      Faith    .    (no shield)
rNeg    + . .      Spirit   .    b - +0 scale mail
rPois   ∞          Reflect  .    (no helmet)
rElec   +          Rampage  .    (no cloak)
rCorr   .          NoTele   +    (no gloves)
Will    .....                    (no boots) Stlth
                                 (no amulet)
HPRegen 0.32/turn                (no ring)
MPRegen 0.10/turn                (no ring)

@: berserking, very quick
A: sickness immunity, AC +4, negative energy resistance 1, electricity
resistance, torment resistance 1, petrification resistance
a: no special abilities


You were in the Dungeon.
You visited 1 branch You collected 243 gold pieces.

Inventory:

Hand Weapons
 a - a +0 flail (weapon)
Armour
 b - a +0 scale mail (worn)
 c - a +0 buckler
Scrolls
 j - a scroll of blinking
Potions
 f - a potion of heal wounds
 g - a potion of haste
 h - 2 potions of magic


   Skills:
 + Level 9.5 Fighting
 * Level 6.7 Maces & Flails
 + Level 9.7 Armour
 - Level 5.4 Dodging
 - Level 5.5 Shields


You had 6 spell levels left.
You didn't know any spells.
Your spell library was empty.

Dungeon Overview and Level Annotations

Branches:
Dungeon (1/1)

Altars:

Annotations:
D exclusion: orange crystal statue


Innate Abilities, Weirdness & Mutations

You are immune to sickness and miasma.
Your stone body is resilient. (AC +4)
You are immune to poison.
You resist negative energy. (rN+)
You are resistant to electric shocks. (rElec)
You are resistant to unholy torment.
You are immune to petrification.


Message History

The boulder beetle is lightly wounded.
The boulder beetle closely misses you.
Unknown command.
A red film seems to cover your vision as you go berserk!
You feel yourself moving faster!
You feel mighty! The boulder beetle bites you!
You hit the boulder beetle but do no damage.
The boulder beetle is lightly wounded.
The boulder beetle bites you!
You thump the boulder beetle!
The boulder beetle is moderately wounded.
The boulder beetle bites you but does no damage.
The boulder beetle leaps!
You hit the boulder beetle but do no damage.
The boulder beetle is moderately wounded.
You sock the boulder beetle!
The boulder beetle is moderately wounded.
The boulder beetle bites you!
You hit the boulder beetle but do no damage.
The boulder beetle is moderately wounded.
The boulder beetle bites you but does no damage.
You hit the boulder beetle but do no damage.
The boulder beetle is moderately wounded.
The boulder beetle bites you!
* * * LOW HITPOINT WARNING * * *
You hit the boulder beetle.
The boulder beetle is moderately wounded.
You sock the boulder beetle!
The boulder beetle is heavily wounded.
The boulder beetle bites you but does no damage.
The boulder beetle leaps!
You sock the boulder beetle! You punch the boulder beetle.
The boulder beetle is severely wounded.
The boulder beetle closely misses you.
You hit the boulder beetle but do no damage.
You punch the boulder beetle.
The boulder beetle is almost dead.
You hit the boulder beetle but do no damage.
The boulder beetle is almost dead.
The boulder beetle bites you!
You die...

## ## ##. .##
.. .. # B#$
## ##.
#B###.##
#...##@##...#
#†.<.'$#.+
#...##.##.).#
##. ##'###.##
# ##..#####
#..##.#
##.#†## ##'##
#~~~~~~~~~§≈


You could see 2 boulder beetles.

Vanquished Creatures
  A merfolk siren (D)
  4 necrophages (D)
  3 worms (D)
8 creatures vanquished.

Vanquished Creatures (others)
  Menkaure (D)
1 creature vanquished.

Grand Total: 9 creatures vanquished

Notes
Turn   | Place    | Note
-------+----------+-------------------------------------------
     0 | D        | dialectric the Gargoyle Fighter began the quest for the
                  | Orb.
     0 | D        | Reached XP level 1. HP: 14/14 MP: 1/1
     7 | D        | Noticed a necrophage
     7 | D        | Noticed a necrophage
     7 | D        | Noticed a necrophage
     7 | D        | Noticed a necrophage
    13 | D        | Killed a necrophage
    14 | D        | Reached skill level 5 in Fighting
    14 | D        | Reached skill level 5 in Armour
    14 | D        | Reached skill level 5 in Shields
    14 | D        | Reached XP level 2. HP: 14/21 MP: 2/2
    14 | D        | Reached XP level 3. HP: 17/26 MP: 3/3
    14 | D        | Reached XP level 4. HP: 20/31 MP: 4/4
    17 | D        | Killed a necrophage
    18 | D        | Reached XP level 5. HP: 26/37 MP: 5/5
    24 | D        | Reached XP level 6. HP: 27/44 MP: 6/6
    27 | D        | Noticed a merfolk siren
    45 | D        | Killed a merfolk siren
    46 | D        | Reached skill level 5 in Dodging
    46 | D        | Reached XP level 7. HP: 34/51 MP: 7/7
    49 | D        | Noticed a boulder beetle
    49 | D        | Noticed a boulder beetle
    67 | D        | Noticed an orange crystal statue
    90 | D        | Killed Menkaure
    97 | D        | Slain by a boulder beetle

Illustrated notes

Levels and vault maps discovered:
D:        the_violet_keep_of_menkaure [sprint2_stairs_cluster_1,
          sprint2_shoproom, sprint2_temple, sprint2_basic_supplies,
          sprint2_obstacle_4, sprint2_obstacle_1, sprint2_obstacle_7,
          sprint2_obstacle_5, sprint2_obstacle_6, sprint2_timed_cluster_1,
          sprint2_smallroom_cluster_1, sprint2_smallroom_final_cluster_1,
          sprint2_transparent_cluster_1, sprint2_second_timed_cluster_1,
          sprint2_sniper_area_1, sprint2_heavy_combat_area_1,
          sprint2_mutation_trap_area_1, sprint2_forest_area_1,
          sprint2_light_combat_area_1, sprint2_behind_water_1,
          sprint2_near_end_vault_1]

Skill      XL: |  1  2  3  4  5  6 |
---------------+-------------------+-----
Fighting       | 5 6 7 9 |  9.5
Maces & Flails | 3 4 6 |  6.7
Armour         | 5 6 8 9 |  9.7
Shields        | 5 |  5.5
Dodging        | 2 3 5 |  5.4

Action                     |  1- 3 |  4- 6 |  7- 9 || total
---------------------------+-------+-------+-------++-------
  Melee: Flail             |     5 |    26 |    21 ||    52
         Punch             |       |     1 |     2 ||     3
    Use: Potion            |     1 |       |     2 ||     3
 Armour: Scale mail        |     3 |     8 |     5 ||    16
  Dodge: Dodged            |     1 |     2 |     4 ||     7

Table legend: (Time is in decaauts)
 A = Elapsed time spent in this place.
 B = Non-inter-level travel time spent in this place.
 C = Inter-level travel time spent in this place.
 D = Time resting spent in this place.
 E = Time spent auto-exploring this place.
 F = Levels seen in this place.
 G = Mean time per level.
                   A        B        C        D        E       F      G
               +--------+--------+--------+--------+--------+-----+--------+
         Total |    100 |    100 |      0 |      0 |      0 |   1 |  100.0 |
       Dungeon |    100 |    100 |      0 |      0 |      0 |   1 |  100.0 |
               +--------+--------+--------+--------+--------+-----+--------+

Top non-repeatable levels by time:
       D: 100 daAuts
